 Seeded DCSS version 0.30-a0-652-gcc886f7154 (webtiles) character file.

Game seed: 2721199303573115971 (custom seed)

145085 acebull12 the Slayer (level 16, -4/172 HPs)
             Began as a Minotaur Fighter on Jan 17, 2023.
             Was the Champion of Okawaru.
             Slain by a kraken (20 damage)
             ... on level 4 of the Shoals.
             The game lasted 01:20:56 (25615 turns).

acebull12 the Slayer (Minotaur Fighter)            Turns: 25615, Time: 01:20:57

Health: -4/172     AC: 17    Str: 29    XL:     16   Next: 86%
Magic:  13/13      EV: 13    Int:  7    God:    Okawaru [******]
Gold:   3065       SH: 13    Dex: 19    Spells: 15/15 levels left

rFire   + + +      SeeInvis +    q - +10 zealot's sword {holy, Zealotry, *Rage rN+ EV+3}
rCold   + . .      Faith    .    h - +6 buckler of a wizard's laboratory {rPois rF++ rCorr MP-9}
rNeg    + . .      Spirit   .    F - +2 ring mail of Ytozxah {rElec Int+2 SInv Stlth+}
rPois   +          Reflect  .    (helmet restricted)
rElec   +          Harm     .    i - scarf {rC+ rF+}
rCorr   +          Rampage  ∞    v - +2 pair of gloves {Str+3}
Will    +....      Rage     20%  D - +3 pair of seven-league boots {Rampage+∞}
Stlth   ++++                     c - amulet of regeneration
HPRegen 1.28/turn                r - +6 ring of dexterity
MPRegen 0.13/turn                u - ring of flight

@: on berserk cooldown, flying, slowed, studying 3 skills, very slow
A: horns 2, retaliatory headbutt
a: Renounce Religion, Heroism, Finesse, Duel


You were on level 4 of the Shoals.
You worshipped Okawaru.
Okawaru was exalted by your worship.
You visited 5 branches of the dungeon, and saw 25 of its levels.
You also visited: Ice Cave.

You collected 3065 gold pieces.

Inventory:

Hand Weapons
 q - the +10 zealot's sword (weapon) {holy, Zealotry, *Rage rN+ EV+3}
   (You found it on level 2 of the Dungeon)

   Zealotry:  Whenever the wielder enters a berserk rage, their allies are
   berserked alongside them.
   EV:        It affects your evasion (+3).
   rN:        It protects you from negative energy.
   *Rage:     It berserks you when you make melee attacks (+20% chance).
 y - the +9 spear of Abuse {freeze, +Blink}
   (You found it on level 2 of the Lair of Beasts)

   +Blink:    It lets you blink.
Missiles
 b - 17 boomerangs (quivered)
 j - 5 javelins
 l - 2 atropa-tipped darts
 m - 191 stones
 s - 2 curare-tipped darts
 H - 45 poisoned darts
 U - 8 throwing nets
 Z - 5 silver javelins
Armour
 h - the +6 buckler of a wizard's laboratory (worn) {rPois rF++ rCorr MP-9}
   (You took it off a gnoll sergeant on level 8 of the Dungeon)

   rF:        It greatly protects you from fire.
   rPois:     It protects you from poison.
   MP:        It affects your magic capacity (-9).
   rCorr:     It protects you from acid and corrosion.
 i - a scarf of resistance (worn)
 k - a +2 tower shield of cold resistance
 o - a +1 kite shield of reflection
 v - a +2 pair of gloves of strength (worn)
 D - the +3 pair of seven-league boots (worn) {Rampage+∞}
   (You acquired it on level 1 of the Lair of Beasts)

   Rampage+∞: When moving toward enemies, its wearer moves as far as possible.
 F - the +2 ring mail of Ytozxah (worn) {rElec Int+2 SInv Stlth+}
   (You took it off a gnoll sergeant on level 8 of the Dungeon)

   Int:       It affects your intelligence (+2).
   rElec:     It insulates you from electricity.
   SInv:      It lets you see invisible.
   Stlth:     It makes you more stealthy.
 Y - +0 acid dragon scales
Jewellery
 c - an amulet of regeneration (around neck)
 r - a +6 ring of dexterity (left hand)
 u - a ring of flight (right hand)
 N - a ring of resist corrosion
 O - a +6 ring of dexterity
 Q - a ring of poison resistance
Wands
 f - a wand of polymorph (15)
 K - a wand of iceblast (21)
 L - a wand of mindburst (27)
 R - a wand of light (11)
 S - a wand of flame (56)
Scrolls
 a - 6 scrolls of fog
 e - a scroll of fear
 t - 6 scrolls of teleportation
 x - a scroll of poison
 A - a scroll of enchant armour
 B - 3 scrolls of magic mapping
 C - 2 scrolls of identify
 E - 3 scrolls of silence
 M - a scroll of blinking
 V - a scroll of brand weapon
Potions
 d - 4 potions of might
 g - a potion of invisibility
 n - 2 potions of magic {unknown}
 p - 3 potions of attraction
 w - 8 potions of curing
 z - 4 potions of heal wounds
 G - a potion of flight {unknown}
 I - 2 potions of cancellation {unknown}
 J - 3 potions of haste
 P - 2 potions of resistance
 W - 2 potions of lignification {unknown}
 X - a potion of ambrosia {unknown}


   Skills:
 + Level 23.5 Fighting
 - Level 12.0 Long Blades
 * Level 9.1 Polearms
 * Level 10.8 Throwing
 * Level 11.4 Armour
 + Level 8.1 Stealth
 - Level 10.0 Shields
 * Level 10.1 Invocations
 * Level 3.3 Evocations


You had 15 spell levels left.
You didn't know any spells.
Your spell library contained the following spells:

 Spells                   Type           Power      Damage    Failure   Level
 Freeze                   Ice            0%         1d3       58%         1
 Kiss of Death            Conj/Necr      0%         2d5       58%         1
 Necrotise                Necr           0%         1d4       58%         1
 Cigotuvi's Dreadful Rot  Necr/Pois/Air  0%         N/A       75%         2
 Lesser Beckoning         Tloc           0%         N/A       75%         2
 Confusing Touch          Hex            0%         N/A       92%         3
 Frozen Ramparts          Ice            0%         1d1       92%         3
 Hailstorm                Conj/Ice       0%         3d3       92%         3
 Inner Flame              Hex/Fire       0%         N/A       92%         3
 Ozocubu's Armour         Ice            0%         N/A       92%         3
 Vampiric Draining        Necr           0%         2d6       92%         3
 Cause Fear               Hex            0%         N/A       100%        4
 Dispel Undead            Necr           0%         3d6       100%        4
 Ice Form                 Ice/Tmut       0%         N/A       100%        4
 Iskenderun's Mystic Bla  Conj/Tloc      0%         2d3       100%        4
 Petrify                  Tmut/Erth      0%         N/A       100%        4
 Agony                    Necr           0%         N/A       100%        5
 Blade Hands              Tmut           0%         N/A       100%        5
 Borgnjor's Vile Clutch   Necr/Erth      0%         N/A       100%        5
 Metabolic Englaciation   Hex/Ice        0%         N/A       100%        5
 Yara's Violent Unravell  Hex/Tmut       0%         3d3       100%        5
 Dispersal                Tloc           0%         N/A       100%        6
 Iron Shot                Conj/Erth      0%         9d1       100%        6
 Statue Form              Tmut/Erth      0%         N/A       100%        6
 Dragon Form              Tmut           0%         N/A       100%        7
 Enfeeble                 Hex            0%         N/A       100%        7
 Ozocubu's Refrigeration  Ice            0%         4d7       100%        7
 Discord                  Hex            0%         N/A       100%        8
 Animate Armour           Summ/Erth      Unusable   N/A       N/A         4
 Animate Dead             Necr           Unusable   N/A       N/A         4
 Summon Ice Beast         Ice/Summ       Unusable   N/A       N/A         4
 Summon Forest            Summ/Tloc      Unusable   N/A       N/A         5
 Dragon's Call            Summ           Unusable   N/A       N/A         9

Dungeon Overview and Level Annotations

Branches:
Dungeon (15/15)            Temple (1/1) D:6            Lair (3/5) D:10
 Shoals (4/4) Lair:3        Snake (0/4) Lair:3          Orc (2/2) D:10
    Elf (0/3) Orc:2        Vaults (0/5) D:13         Depths (0/4) D:15
  IceCv (visited)

Altars:
Dithmenos
Gozag
Kikubaaqudgha
Makhleb
Okawaru
Ru
Sif Muna
Xom

Shops:
D:2 *   D:3 (   D:15 *   Orc:2 *:(*


Innate Abilities, Weirdness & Mutations

You have a pair of horns on your head.
You reflexively headbutt those who attack you in melee.


Message History

You headbutt the kraken, but do no damage.
The kraken is heavily wounded.
You block the tentacle's attack. The tentacle barely misses you.
The kraken bites you! You block the tentacle's attack.
The tentacle slaps you but does no damage.
The tentacle slaps you. The tentacle misses you. You furiously retaliate!
You headbutt the tentacle!
The kraken bites you but does no damage.
The tentacle slaps you! The tentacle barely misses you.
You furiously retaliate!
You headbutt the tentacle! You slash the kraken! You headbutt the kraken!
The kraken is severely wounded.
The tentacle slaps you but does no damage.
The tentacle slaps you.
A tentacle segment bursts forth from the water.
The tentacle completely misses you. You block the tentacle's attack.
The kraken bites you!
You slice the kraken!!
You headbutt the kraken, but do no damage.
The kraken is almost dead.
You block the tentacle's attack. The tentacle misses you.
You block the tentacle's attack.
The tentacle slaps you but does no damage.
The kraken bites you!
* * * LOW HITPOINT WARNING * * *
You block the tentacle's attack. The tentacle slaps you.
* * * LOW HITPOINT WARNING * * *
The tentacle slaps you but does no damage.
The tentacle closely misses you. You furiously retaliate!
You headbutt the tentacle. You slice the kraken!! You headbutt the kraken!
The kraken is almost dead.
You block the tentacle's attack. The kraken bites you.
* * * LOW HITPOINT WARNING * * *
You block the tentacle's attack. The tentacle slaps you!
* * * LOW HITPOINT WARNING * * *
The tentacle slaps you!
* * * LOW HITPOINT WARNING * * *
The kraken bites you!!
You die...

....~≈≈≈≈~~..#######..~~≈≈≈≈≈≈≈≈
..~≈~≈≈............[..~~≈≈≈≈≈≈≈≈
......................~≈≈≈≈≈≈≈≈≈
~..~.................~~≈≈≈≈≈≈≈≈≈
~.........######.....~≈≈≈≈≈≈≈≈≈≈
........##~....#.[..~≈≈≈≈≈≈≈≈≈≈
..##..##~....#.#..~≈≈≈≈≈≈≈≈≈ #).
..#≈w~#.#~≈≈≈≈≈≈≈≈≈≈ #.
#≈!≈≈#w@w~#≈≈≈≈≈≈≈≈≈≈≈
#≈?mm##Xw~#≈≈≈≈≈≈≈≈≈≈≈ # ~m
≈#~~#≈≈≈≈≈≈≈≈≈≈≈
≈≈~~~#≈≈≈≈≈≈≈≈≈≈≈ ...
~##≈≈≈≈≈≈≈≈≈≈≈ ≈≈≈≈
##≈≈≈≈≈≈≈≈≈≈≈ #####


You could see a kraken and 4 tentacles.

Vanquished Creatures
  A lich (IceCv)
  Rupert (D:13)
  Polyphemus (Shoals:2)
  Frances (D:13)
  Donald (Shoals:1)
  Kirke (D:12)
  Roxanne (D:14)
  A frost giant (D:15)
  A very ugly thing (IceCv)
  Nessos (Orc:2)
  8 merfolk impalers
  Snorg (Lair:3)
  Josephine (Orc:2)
  2 merfolk javelineers (Shoals:4)
  A caustic shrike simulacrum (IceCv)
  Erolcha (D:12)
  2 catoblepae
  2 ogre magi
  10 centaur warriors
  4 merfolk avatars
  A hydra (Lair:3)
  3 boulder beetles
  2 alligator snapping turtles
  A death knight (D:15)
  2 satyrs
  The ghost of yumyumyeen the Cruncher, a novice MiMo of Qazlal (D:10)
  2 merfolk aquamancers (Shoals:4)
  3 tengu warriors
  8 two-headed ogres
  2 death yaks (Shoals:2)
  The ghost of wormed the Cleaver, a novice FoCK of Xom (D:8)
  Urug (D:10)
  3 skeletal warriors (D:14)
  5 bog bodies (IceCv)
  Lodul (D:14)
  16 sea snakes
  A necromancer (IceCv)
  A spriggan simulacrum (IceCv)
  An obsidian statue (IceCv)
  23 harpies
  The ghost of drugrobin the Martial Artist, a novice DgDe (D:7)
  2 deep elf pyromancers
  5 cyclopes
  13 manticores
  12 fauns
  An orc sorcerer (Orc:2)
  6 orc knights
  14 ugly things
  3 black mambas
  3 merfolk sirens
  3 water nymphs
  7 cane toads
  A gargoyle (D:11)
  An unseen horror (D:11)
  2 kobold demonologists (D:13)
  4 rime drakes
  A spectral unseen horror (D:7)
  An efreet (D:15)
  15 freezing wraiths (IceCv)
  2 komodo dragons (Lair:2)
  3 anaconda simulacra (IceCv)
  2 tengu conjurers (D:15)
  4 yaktaurs (D:15)
  3 ice devils (IceCv)
  2 polar bears (Lair:1)
  25 merfolk
  6 wind drakes
  5 trolls
  2 hornets
  15 blink frogs
  Grinder (D:3)
  6 snapping turtles
  8 dream sheep
  Sigmund (D:5)
  15 slime creatures
  5 shadows
  3 wyverns
  3 dire elephant simulacra (IceCv)
  A water elemental (Shoals:3)
  6 wraiths
  2 hogs (D:12)
  19 yaks
  5 humans (D:12)
  6 basilisks
  5 wargs
  2 steam dragons
  3 vampire mosquitoes
  3 harpy simulacra (IceCv)
  An acid dragon (D:11)
  Edmund (D:5)
  A hydra simulacrum (IceCv)
  15 water moccasins
  43 orc warriors
  A black bear (D:7)
  A sky beast (D:6)
  4 alligator simulacra (IceCv)
  An ice beast (D:7)
  An ettin simulacrum (IceCv)
  6 wolves (Lair:2)
  24 centaurs
  23 ogres
  3 phantoms
  5 kobold brigands
  2 deep troll simulacra (IceCv)
  5 bullfrogs
  5 necrophages
  5 gnoll sergeants
  4 scorpions
  8 wights
  14 killer bees
  5 lindwurm simulacra (IceCv)
  A howler monkey (D:8)
  2 jellies
  A wyvern simulacrum (D:7)
  2 gnoll boudas
  16 orc priests
  3 hounds
  3 iguanas
  Terence (D:3)
  24 orc wizards
  2 killer bee zombies (D:7)
  A howler monkey zombie (D:7)
  17 gnolls
  11 adders
  A shadow imp (D:6)
  A white imp (D:7)
  83 orcs
  10 endoplasms
  A giant cockroach (D:1)
  9 goblins
  7 hobgoblins
  4 quokkas
  6 ball pythons
  3 bats (D:2)
  4 frilled lizards
  11 kobolds
  6 rats
  A withered plant (D:13)
787 creatures vanquished.

Vanquished Creatures (others)
  A fungus (Lair:3)
  87 plants
  10 tentacles (Shoals:4)
98 creatures vanquished.

Grand Total: 885 creatures vanquished

Notes
Turn   | Place    | Note
-------+----------+-------------------------------------------
     0 | D:1      | acebull12 the Minotaur Fighter began the quest for the Orb.
     0 | D:1      | Reached XP level 1. HP: 19/19 MP: 0/0
   746 | D:2      | Reached XP level 2. HP: 20/27 MP: 1/1
   985 | D:2      | Reached XP level 3. HP: 33/33 MP: 2/2
  1036 | D:2      | Found the +10 zealot's sword {holy, Zealotry, *Rage rN+
                  | EV+3}
  1513 | D:2      | Found Karghu's Assorted Antiques.
  2220 | D:3      | Reached XP level 4. HP: 40/40 MP: 3/3
  2265 | D:3      | Reached skill level 4 in Fighting
  2345 | D:3      | Reached skill level 1 in Throwing
  2448 | D:3      | Noticed Grinder
  2452 | D:3      | Killed Grinder
  2453 | D:3      | Reached skill level 5 in Long Blades
  2453 | D:3      | Reached skill level 5 in Armour
  2453 | D:3      | Reached XP level 5. HP: 46/46 MP: 4/4
  2453 | D:3      | Reached XP level 6. HP: 52/52 MP: 5/5
  2615 | D:3      | Noticed Terence
  2619 | D:3      | Killed Terence
  2749 | D:3      | Found Asiul's Antique Weapon Boutique.
  3014 | D:4      | Reached skill level 5 in Shields
  3192 | D:4      | Found an ancient bone altar of Kikubaaqudgha.
  3198 | D:4      | Found a burning altar of Makhleb.
  3243 | D:4      | Reached XP level 7. HP: 60/60 MP: 6/6
  3456 | D:5      | Entered Level 5 of the Dungeon
  3761 | D:5      | Reached XP level 8. HP: 67/67 MP: 7/7
  4010 | D:5      | Noticed Sigmund
  4014 | D:5      | Killed Sigmund
  4036 | D:5      | Noticed Edmund
  4039 | D:5      | Killed Edmund
  4040 | D:5      | Reached skill level 5 in Fighting
  4305 | D:6      | Reached skill level 10 in Long Blades
  4468 | D:6      | Reached XP level 9. HP: 46/74 MP: 8/8
  4668 | D:6      | Found a staircase to the Ecumenical Temple.
  4848 | Temple   | Entered the Ecumenical Temple
  4883 | Temple   | Became a worshipper of Warmaster Okawaru
  5344 | D:7      | Found a runed translucent gate.
  5345 | D:7      | Found a runed translucent gate.
  5346 | D:7      | Found a runed translucent gate.
  5348 | D:7      | Noticed drugrobin's ghost (novice DgDe)
  5348 | D:7      | Noticed a spectral unseen horror
  5976 | D:7      | Reached * piety under Okawaru
  6090 | D:7      | Killed drugrobin's ghost
  6091 | D:7      | Reached skill level 6 in Fighting
  6095 | D:7      | Killed a spectral unseen horror
  6095 | D:7      | Reached ** piety under Okawaru
  6096 | D:7      | Reached skill level 5 in Throwing
  6096 | D:7      | Reached XP level 10. HP: 83/83 MP: 9/9
  6571 | D:8      | Reached skill level 7 in Fighting
  6571 | D:8      | Reached skill level 1 in Stealth
  6683 | D:8      | Found a transporter.
  6744 | D:8      | Identified the ring "Cuer Zit" {*Slow Fly rPois Str+9
                  | Stlth+}
  6745 | D:8      | Noticed wormed's ghost (novice FoCK)
  7071 | D:8      | Found a transporter.
  7106 | D:8      | Identified the +2 ring mail of Ytozxah {rElec Int+2 SInv
                  | Stlth+}
  7106 | D:8      | Identified the +6 buckler of a wizard's laboratory {rPois
                  | rF++ rCorr MP-9}
  7121 | D:8      | Reached *** piety under Okawaru
  7123 | D:8      | Reached skill level 8 in Fighting
  7227 | D:8      | Killed wormed's ghost
  7470 | D:9      | Reached skill level 9 in Fighting
  7567 | D:9      | Noticed a centaur warrior
  7576 | D:9      | Killed a centaur warrior
  7576 | D:9      | Reached **** piety under Okawaru
  7706 | D:9      | Received a gift from Okawaru
  7720 | D:9      | Reached skill level 10 in Fighting
  7724 | D:9      | Reached XP level 11. HP: 94/99 MP: 10/10
  8079 | D:10     | Entered Level 10 of the Dungeon
  8175 | D:10     | You fall into a shaft and drop 2 floors!
  8213 | D:11     | Noticed a two-headed ogre
  8223 | D:11     | Killed a two-headed ogre
  8224 | D:11     | Reached skill level 11 in Fighting
  8256 | D:11     | Noticed a two-headed ogre
  8259 | D:11     | Noticed a two-headed ogre
  8263 | D:11     | Killed a two-headed ogre
  8263 | D:11     | Reached ***** piety under Okawaru
  8263 | D:11     | Received a gift from Okawaru
  8279 | D:11     | Killed a two-headed ogre
  8279 | D:11     | Received a gift from Okawaru
  8361 | D:11     | Reached skill level 12 in Fighting
  8445 | D:11     | Noticed an orc knight
  8459 | D:10     | Noticed Urug
  8477 | D:9      | Killed an orc knight
  8548 | D:9      | Received a gift from Okawaru
  8590 | D:10     | Killed Urug
  8956 | D:10     | Found a staircase to the Orcish Mines.
  9046 | D:10     | Found a staircase to the Lair.
  9328 | D:10     | Found a runed translucent gate.
  9329 | D:10     | Noticed yumyumyeen's ghost (novice MiMo)
  9329 | D:10     | Found a runed translucent gate.
  9329 | D:10     | Identified the +13 plate armour of the Soldier {Will+++
                  | MP-9 Str-5 Dex+8}
  9330 | D:10     | Found a runed translucent gate.
  9451 | D:10     | Identified the +1 scale mail of the Six Nights {rC+ rCorr}
  9467 | D:10     | Killed yumyumyeen's ghost
  9468 | D:10     | Reached skill level 13 in Fighting
  9546 | D:11     | Noticed a centaur warrior
  9552 | D:11     | Identified the +7 spear of Xom's Hope {heavy, rF++ rN+
                  | rCorr Str-4}
  9557 | D:11     | Noticed a centaur warrior
  9579 | D:11     | Noticed a centaur warrior
  9594 | D:11     | Noticed a boulder beetle
  9598 | D:11     | Killed a centaur warrior
  9598 | D:11     | Received a gift from Okawaru
  9602 | D:11     | Killed a centaur warrior
  9603 | D:11     | Reached skill level 1 in Invocations
  9603 | D:11     | Reached XP level 12. HP: 116/116 MP: 11/11
  9961 | D:11     | Reached skill level 14 in Fighting
 10056 | D:11     | Killed a centaur warrior
 10067 | D:11     | Killed a boulder beetle
 10636 | D:12     | Noticed Kirke
 10643 | D:12     | Reached ****** piety under Okawaru
 10643 | D:12     | Received a gift from Okawaru
 10648 | D:12     | Noticed Erolcha
 10649 | D:12     | Noticed a sphinx
 10649 | D:12     | Killed Kirke
 10650 | D:12     | Reached skill level 15 in Fighting
 10655 | D:12     | Killed Erolcha
 10968 | D:12     | Noticed a boulder beetle
 10986 | D:12     | Killed a boulder beetle
 11098 | D:12     | Received a gift from Okawaru
 11099 | D:12     | Reached skill level 16 in Fighting
 11915 | D:13     | Noticed Frances
 11925 | D:13     | Killed Frances
 11926 | D:13     | Reached skill level 10 in Throwing
 11996 | D:13     | Noticed a boulder beetle
 12013 | D:13     | Killed a boulder beetle
 12013 | D:13     | Received a gift from Okawaru
 12096 | D:13     | Noticed Rupert
 12100 | D:13     | Paralysed by Rupert for 4 turns
 12108 | D:13     | Killed Rupert
 12109 | D:13     | Reached XP level 13. HP: 130/130 MP: 6/15
 12390 | D:13     | Reached skill level 17 in Fighting
 12492 | D:13     | Found a gate to the Vaults.
 12586 | D:13     | Reached skill level 5 in Invocations
 13118 | Lair:1   | Entered Level 1 of the Lair of Beasts
 13215 | Lair:1   | Reached skill level 18 in Fighting
 13368 | Lair:1   | Identified 2 scrolls of acquirement
 13368 | Lair:1   | Acquired the +3 pair of seven-league boots {Rampage+∞}
 13368 | Lair:1   | Found the +3 pair of seven-league boots {Rampage+∞}
 13382 | Lair:1   | Acquired a manual of Armour
 13551 | Lair:1   | Reached skill level 5 in Stealth
 13900 | Lair:1   | Received a gift from Okawaru
 14396 | Lair:2   | Identified the +3 ring mail of Ubuyfu Wiul {rCorr Stlth+}
                  | (Okawaru gifted it to you on level 2 of the Lair of Beasts)
 14396 | Lair:2   | Received a gift from Okawaru
 14603 | Lair:2   | Identified the +12 falchion of Redire {elec, rCorr}
 14644 | Lair:2   | Identified the +9 spear of Abuse {freeze, +Blink}
 14889 | Lair:2   | Found an opulent altar of Gozag.
 15206 | Lair:3   | Reached skill level 19 in Fighting
 15397 | Orc:1    | Entered Level 1 of the Orcish Mines
 15747 | Orc:2    | Entered Level 2 of the Orcish Mines
 16025 | Orc:2    | Noticed Nessos
 16038 | Orc:2    | Killed Nessos
 16039 | Orc:2    | Reached skill level 1 in Polearms
 16072 | Orc:2    | Noticed Josephine
 16073 | Orc:2    | Reached XP level 14. HP: 132/144 MP: 8/17
 16079 | Orc:2    | Killed Josephine
 16450 | Orc:2    | Found a staircase to the Elven Halls.
 16783 | Orc:2    | Received a gift from Okawaru
 17034 | Orc:2    | Found Ytegh's Book Emporium.
 17034 | Orc:2    | Found Miungi Tech's Weapon Shop.
 17036 | Orc:2    | Found Azucrup's Assorted Antiques.
 17038 | Orc:2    | Found Dojuonlu's General Store.
 17597 | D:14     | Noticed Lodul
 17607 | D:14     | Killed Lodul
 17607 | D:14     | Received a gift from Okawaru
 17653 | D:14     | Noticed Roxanne
 17714 | D:14     | Killed Roxanne
 17906 | D:14     | Received a gift from Okawaru
 17907 | D:14     | Reached skill level 20 in Fighting
 18285 | D:15     | Entered Level 15 of the Dungeon
 18292 | D:15     | Identified the +2 pair of boots "Dasonena" {Will+} (Okawaru
                  | gifted it to you on level 15 of the Dungeon)
 18292 | D:15     | Received a gift from Okawaru
 18303 | D:15     | Paralysed by an ogre mage for 3 turns
 18453 | D:15     | Found Haerint's General Store.
 18557 | D:15     | Reached skill level 5 in Polearms
 18630 | D:15     | Got the Discursus on Orientation
 18802 | D:15     | Reached skill level 21 in Fighting
 19074 | D:15     | Found a staircase to the Depths.
 19074 | D:15     | Noticed a frost giant
 19085 | D:15     | Killed a frost giant
 19163 | D:15     | Reached XP level 15. HP: 158/158 MP: 11/20
 19305 | Lair:3   | Noticed Snorg
 19313 | Lair:3   | Killed Snorg
 19322 | Lair:3   | Found a staircase to the Snake Pit.
 19445 | Lair:3   | Found a staircase to the Shoals.
 20101 | Shoals:1 | Entered Level 1 of the Shoals
 20101 | Shoals:1 | Found a frozen archway.
 20152 | Shoals:1 | Received a gift from Okawaru
 20152 | Shoals:1 | Found the +7 Kryia's mail coat {PotionHeal*2 rC+}
 20181 | IceCv    | Entered an ice cave
 20332 | IceCv    | Found an ancient bone altar of Kikubaaqudgha.
 20485 | IceCv    | Reached skill level 22 in Fighting
 20874 | IceCv    | Noticed a lich
 20883 | IceCv    | Killed a lich
 20917 | IceCv    | Got the Folio of Sepulchral Ice
 21001 | Shoals:1 | Upgraded the game from 0.30-a0-639-g3916f1956a to
                  | 0.30-a0-652-gcc886f7154
 21001 | Shoals:1 | Noticed Donald
 21015 | Shoals:1 | Killed Donald
 21291 | Shoals:1 | Identified the +1 pair of boots "Uwischauv" {Will++}
                  | (Okawaru gifted it to you on level 1 of the Shoals)
 21291 | Shoals:1 | Received a gift from Okawaru
 22170 | Shoals:2 | Reached skill level 1 in Evocations
 22253 | Shoals:2 | Reached skill level 23 in Fighting
 22253 | Shoals:2 | Reached XP level 16. HP: 172/172 MP: 13/22
 22475 | Shoals:2 | Noticed Polyphemus
 22487 | Shoals:2 | Killed Polyphemus
 22603 | Shoals:2 | Identified the +1 ring mail "Gyilah" {Dex+5 Slay-3 Stlth+}
                  | (Okawaru gifted it to you on level 2 of the Shoals)
 22603 | Shoals:2 | Received a gift from Okawaru
 23906 | Shoals:3 | Reached skill level 10 in Armour
 24849 | Shoals:4 | Entered Level 4 of the Shoals
 24888 | Shoals:4 | Reached skill level 10 in Shields
 25236 | Shoals:4 | Reached skill level 10 in Invocations
 25291 | Shoals:4 | Noticed a kraken
 25330 | Shoals:4 | Received a gift from Okawaru
 25420 | Shoals:4 | Identified the +0 robe "Seolad" {Str+5 Int+3 Stlth-}
 25441 | Shoals:4 | Identified the +5 trident of Okawaru, Breathing {heavy,
                  | rElec Str+2 Dex-4} (Okawaru gifted it to you on level 4 of
                  | the Shoals)
 25441 | Shoals:4 | Received a gift from Okawaru
 25615 | Shoals:4 | Slain by a kraken

Illustrated notes

Levels and vault maps discovered:
D:1:      sevenhm_arrival_forest_fort_large_2, layout_rooms,
          roderic_roman_lattice
D:2:      layout_loops_corners, serial_shops, nicolae_shop_advertising_works
          [nicolae_subvault_shop_adworks], lemuel_flame_loot_1
D:3:      layout_loops_ring, serial_shops, nicolae_shop_stone, uniq_grinder,
          uniq_terence
D:4:      layout_rooms, mainiacjoe_overflow_big_doors
D:5:      layout_basic, sigmund_edmund_badplayer
D:6:      layout_rooms, minmay_temple_entry_drinking_statues
D:7:      layout_basic, gammafunk_ghost_necromancy,
          nicolae_concentric_dashed_squares_mild, kennysheep_generic_room_2
D:8:      layout_loops_cross, gammafunk_ghost_gnarly_gnolls
D:9:      layout_roguey
D:10:     layout_basic, erik_lair_orcish_takeover, orc_0_dummy,
          biasface_ghost_orc_armoury, small_statue_alley_a, uniq_urug
D:11:     layout_roguey [special_room_orc], minmay_mirror_moons_of_madness
D:12:     layout_layer_cave, uniq_erolcha, uniq_kirke
D:13:     layout_loops_cross, hangedman_vaults_entry_quadrant_bands,
          argonaut_gorgonesque, uniq_frances, uniq_rupert
D:14:     layout_irregular_city, chequers_serial_rivers_room_b, uniq_lodul,
          uniq_roxanne
D:15:     grunt_enter_depths_snipers, layout_irregular_city,
          minmay_misc_feat_chi, serial_shops, shop_coins
Temple:   nicolae_temple_slightly_damp_pantheon
Lair:1:   layout_cave_pods, evilmike_ambush [evilmike_ambush_outer_corners,
          evilmike_ambush_inner_wall_1], grunt_megastairs_5
Lair:2:   layout_misc_corridors, basic_altar, serial_bayou_shore_b
Lair:3:   layout_chaotic_city, minmay_shoals_entry_beasts,
          minmay_snake_entry_six_corridors, lemuel_fruit_fields, uniq_snorg
Shoals:1: layout_shoals, portal_ice_cave_entry_pillars_2, uniq_donald
Shoals:2: cheibrodos_shoals_satyrical_garden, layout_shoals, uniq_polyphemus
Shoals:3: layout_shoals, nicolae_shoals_hidden_pirate_stash
Shoals:4: shoals_end_hangedman, layout_shoals, ebering_ghost_reflecting_pool
Orc:1:    layout_caves
Orc:2:    st_orc_rangers, layout_caves, uniq_nessos, uniq_josephine

Skill      XL: |  1  2  3  4  5  6  7  8  9 10 11 12 13 14 15 16 |
---------------+-------------------------------------------------+-----
Armour         | 4 5 6 8 11 | 11.4
Shields        | 4 5 7 8 10 | 10.0
Long Blades    | 3 5 6 8 10 12 | 12.0
Fighting       | 4 5 6 10 13 16 19 21 23 | 23.5
Throwing       | 1 2 3 5 7 9 10 | 10.8
Stealth        | 1 2 4 6 7 8 |  8.1
Invocations    | 1 4 6 8 9 10 | 10.1
Polearms       | 1 5 7 9 |  9.1
Evocations     | 1 3 |  3.3

Action                   |  1- 3 |  4- 6 |  7- 9 | 10-12 | 13-15 | 16-18 || total
-------------------------+-------+-------+-------+-------+-------+-------++-------
Melee: Long sword        |    42 |       |       |       |       |       ||    42
       Headbutt          |     8 |     4 |    22 |   100 |   219 |   122 ||   475
       Eudemon blade     |    19 |    50 |   149 |   451 |   919 |   399 ||  1987
Throw: Stone             |       |       |       |       |     5 |       ||     5
       Boomerang         |       |       |       |       |    19 |     5 ||    24
Invok: Finesse           |       |       |       |       |     1 |     1 ||     2
  Use: Scroll            |       |       |       |    11 |    16 |     3 ||    30
       Potion            |       |       |       |       |     1 |     1 ||     2
 Stab: Sleeping          |       |       |       |     1 |    14 |     1 ||    16
       Distracted        |       |       |       |     1 |     1 |     1 ||     3
Armor: Scale mail        |    26 |    12 |    37 |    31 |       |       ||   106
       Acid dragon scale |       |       |       |    63 |       |       ||    63
       Ring mail         |       |       |       |    31 |   173 |    84 ||   288
Dodge: Dodged            |    22 |    24 |    50 |   151 |   260 |   133 ||   640
Block: Kite shield       |    24 |    14 |    71 |   176 |       |    13 ||   298
       Buckler           |       |       |       |    81 |   414 |   180 ||   675
       Reflection        |       |       |       |       |       |    10 ||    10

Table legend: (Time is in decaauts)
 A = Elapsed time spent in this place.
 B = Non-inter-level travel time spent in this place.
 C = Inter-level travel time spent in this place.
 D = Time resting spent in this place.
 E = Time spent auto-exploring this place.
 F = Levels seen in this place.
 G = Mean time per level.
                   A        B        C        D        E       F      G
               +--------+--------+--------+--------+--------+-----+--------+
         Total |  26757 |  24595 |   2162 |   6086 |  12989 |  26 | 1029.1 |
       Dungeon |  15827 |  14085 |   1742 |   2783 |   8494 |  15 | 1055.1 |
        Temple |     56 |     36 |     20 |      0 |      0 |   1 |   56.0 |
          Lair |   3216 |   3019 |    197 |    637 |   1914 |   3 | 1072.0 |
        Shoals |   4882 |   4785 |     97 |   1835 |   1531 |   4 | 1220.5 |
  Orcish Mines |   1873 |   1768 |    105 |    466 |    939 |   2 |  936.5 |
      Ice Cave |    900 |    900 |      0 |    363 |    110 |   1 |  900.0 |
               +--------+--------+--------+--------+--------+-----+--------+

Top non-repeatable levels by time:
Shoals:3: 1687 daAuts
Shoals:2: 1571 daAuts
     D:7: 1399 daAuts
     D:2: 1383 daAuts
    D:12: 1314 daAuts
    D:10: 1313 daAuts
    D:13: 1301 daAuts
   Orc:2: 1255 daAuts
  Lair:1: 1252 daAuts
    D:11: 1232 daAuts
     D:8: 1230 daAuts
Shoals:1: 1178 daAuts
    D:14: 1036 daAuts
  Lair:2: 1023 daAuts
     D:9: 1008 daAuts
